 Dungeon Crawl Stone Soup version 0.32-a0-656-g3542139ebd (webtiles) character file.

Game seed: 1137598024523235686

2375 Dittersdorf the Protected (level 9, 0/57 HPs)
             Began as a Gargoyle Fighter on Mar 8, 2024.
             Slain by Menkaure (6 damage)
             ... on level 7 of the Dungeon.
             The game lasted 00:09:05 (5743 turns).

Dittersdorf the Protected (Gargoyle Fighter)        Turns: 5743, Time: 00:09:05

Health: 0/57       AC: 25    Str: 24    XL:     9   Next: 45%
Magic:  0/9        EV:  8    Int: 11    God:
Gold:   266        SH:  5    Dex:  9    Spells: 8/8 levels left

rFire   . . .        a - +1 flail (flame)
rCold   . . .        c - +0 buckler
rNeg    + . .        f - +1 chain mail
rPois   ∞            w - +2 helmet
rElec   +            v - +0 cloak
rCorr   +            u - +0 pair of gloves
SInv    .            (no boots)
Will    .....        o - amulet of Symmetry {Spirit rPois rCorr Int+2} Stlth
                     E - ring of resist corrosion
HPRegen 0.29/turn    (no ring)
MPRegen 0.11/turn

%: guardian spirit
@: studying Armour
A: sickness immunity, AC +6, negative energy resistance 1, electricity
resistance, torment resistance 1, petrification resistance
a: no special abilities


You were on level 7 of the Dungeon.
You visited 2 branches of the dungeon, and saw 8 of its levels.

You collected 266 gold pieces.

Inventory:

Hand Weapons
 a - a +1 flail of flaming (weapon)
Armour
 c - a +0 buckler (worn)
 f - a +1 chain mail (worn)
 m - the +7 plate armour of Fysuoq {rF+ rCorr Str+4}
   (You acquired it on level 3 of the Dungeon)

   Str+4:     It affects your strength (+4).
   rF+:       It protects you from fire.
   rCorr:     It protects you from acid and corrosion.
 u - a +0 pair of gloves (worn)
 v - a +0 cloak (worn)
 w - a +2 helmet (worn)
 x - a +0 ring mail of cold resistance
Jewellery
 o - the amulet of Symmetry (around neck) {Spirit rPois rCorr Int+2}
   (You acquired it on level 3 of the Dungeon)

   [amulet of guardian spirit]

   Spirit:    It causes incoming damage to be divided between your reserves of
   health and magic.
   Int+2:     It affects your intelligence (+2).
   rPois:     It protects you from poison.
   rCorr:     It protects you from acid and corrosion.
 z - a ring of ice
 E - a ring of resist corrosion (left hand)
Wands
 b - a wand of flame (6) (quivered)
Scrolls
 l - 9 scrolls of teleportation
 n - 2 scrolls of noise
 C - a scroll of enchant weapon
Potions
 d - 2 potions of might
 e - a potion of enlightenment
 g - a potion of cancellation {unknown}
 h - a potion of resistance {unknown}
 i - 4 potions of curing
 j - 2 potions of haste
 k - a potion of heal wounds
 p - 2 potions of invisibility {unknown}
 q - a potion of ambrosia
 r - a potion of brilliance
 s - 3 potions of mutation {unknown}
 t - a potion of lignification {unknown}
 A - a potion of berserk rage {unknown}
 B - a potion of degeneration {unknown}


   Skills:
 + Level 7.5 Fighting
 + Level 6.5 Maces & Flails
 + Level 9.9 Armour
 + Level 7.5 Shields


You had 8 spell levels left.
You didn't know any spells.
Your spell library contained the following spells:

 Spells                   Type           Power      Damage    Failure   Level
 Freeze                   Ice            0%         1d3       87%         1
 Frozen Ramparts          Ice            0%         1d1       99%         3
 Hailstorm                Conj/Ice       0%         3d5       99%         3
 Dispel Undead            Necr           0%         3d6       100%        4
 Martyr's Knell           Necr/Summ      0%         N/A       100%        4
 Death Channel            Necr           0%         N/A       100%        6
 Cigotuvi's Dreadful Rot  Necr/Alch/Air  Unusable   N/A       N/A         2

Dungeon Overview and Level Annotations

Branches:
Dungeon (7/15)             Temple (1/1) D:6

Altars:
Ashenzari
Cheibriados
Hepliaklqana
Kikubaaqudgha
Makhleb
Okawaru
Qazlal
Trog
Uskayaw
Vehumet
Wu Jian
Xom
Yredelemnul
Zin
The Shining One

Annotations:
D:5 3 runed translucent doors, croobank's ghost, novice CoFi
D:7 Menkaure


Innate Abilities, Weirdness & Mutations

You are immune to sickness and miasma.
Your stone body is resilient. (AC +6)
You are immune to poison.
You resist negative energy. (rN+)
You are resistant to electric shocks. (rElec)
You are resistant to unholy torment.
You are immune to petrification.


Message History

The kobold brigand is severely wounded.
You kill the sky beast!
The kobold brigand hits you but does no damage.
Menkaure mumbles some strange words.
Menkaure seems to speed up.
You hit the kobold brigand but do no damage.
The kobold brigand is severely wounded.
Menkaure points at you and mumbles some strange words.
Pain shoots through your body! The kobold brigand barely misses you.
You closely miss the kobold brigand.
The kobold brigand is severely wounded.
Menkaure hits you. You block the kobold brigand's attack.
You hit the kobold brigand. You burn the kobold brigand.
The kobold brigand is severely wounded.
Menkaure hits you but does no damage.
The kobold brigand hits you but does no damage.
You hit the kobold brigand. You burn the kobold brigand.
The kobold brigand is almost dead.
Menkaure calls on the powers of darkness!
The kobold brigand convulses!
Your body is wracked with pain!
The kobold brigand closely misses you. Menkaure hits you.
You sock the kobold brigand! You burn the kobold brigand.
You kill the kobold brigand!
Menkaure completely misses you.
You closely miss the kobold. Menkaure hits you.
The kobold hits you with a +0 whip. Menkaure attacks as he pursues you!
Menkaure closely misses you. Menkaure hits you but does no damage.
Menkaure calls on the powers of darkness!
Your body is wracked with pain!
Menkaure hits you!
* * * LOW HITPOINT WARNING * * *
You hit Menkaure. You burn Menkaure.
Menkaure is lightly damaged.
Menkaure hits you!
* * * LOW HITPOINT WARNING * * *
You hit Menkaure. You burn Menkaure.
Menkaure is moderately damaged.
Menkaure hits you!
You die...

## ## #. ..
#.#####.##.##
#..@MK.†.....
#####K..###.#
#...+ #...#
..### ###


You could see Menkaure (fast) and 2 kobolds.

Vanquished Creatures
  Duvessa (D:5)
  2 sky beasts
  2 black bears (D:6)
  5 ice beasts
  An orc warrior (D:5)
  A hornet zombie (D:5)
  2 ogres (D:5)
  2 phantoms (D:5)
  A kobold brigand (D:7)
  A bullfrog (D:6)
  A water moccasin zombie (D:5)
  4 scorpions
  Dowan (D:5)
  2 bombardier beetles (D:4)
  A hound (D:4)
  A jelly (D:4)
  An orc priest (D:6)
  A sleepcap (D:4)
  4 iguanas
  2 orc wizards
  A gnoll (D:4)
  6 adders
  A shadow imp (D:6)
  2 white imps (D:6)
  2 dart slugs
  3 ribbon worms
  6 orcs
  10 bats
  5 endoplasms
  A giant cockroach (D:3)
  18 hobgoblins
  6 jackals
  4 kobolds
  5 quokkas
  2 training dummies (D:5)
  7 ball pythons
  10 frilled lizards
  9 goblins
  4 rats
138 creatures vanquished.

Notes
Turn   | Place    | Note
-------+----------+-------------------------------------------
     0 | D:1      | Dittersdorf the Gargoyle Fighter began the quest for the
                  | Orb.
     0 | D:1      | Reached XP level 1. HP: 14/14 MP: 1/1
   174 | D:1      | Reached XP level 2. HP: 17/19 MP: 2/2
   270 | D:1      | Found a faded altar of an unknown god.
   646 | D:1      | Reached XP level 3. HP: 23/23 MP: 3/3
  1204 | D:2      | Found a glowing silver altar of Zin.
  1721 | D:3      | Reached XP level 4. HP: 29/29 MP: 4/4
  1988 | D:3      | Reached skill level 4 in Armour
  2035 | D:3      | Identified 3 scrolls of acquirement
  2035 | D:3      | Acquired the amulet of Symmetry {Spirit rPois rCorr Int+2}
  2042 | D:3      | Acquired a manual of Armour
  2044 | D:3      | Acquired the +7 plate armour of Fysuoq {rF+ rCorr Str+4}
  2120 | D:3      | Found a radiant altar of Vehumet.
  2457 | D:4      | Noticed a scorpion
  2466 | D:4      | Killed a scorpion
  2467 | D:4      | Reached XP level 5. HP: 32/34 MP: 3/5
  2642 | D:4      | Reached XP level 6. HP: 33/39 MP: 4/6
  2648 | D:4      | Reached skill level 5 in Armour
  2906 | D:4      | Noticed a sky beast
  2925 | D:4      | Killed a sky beast
  2926 | D:4      | Reached skill level 5 in Fighting
  2926 | D:4      | Reached skill level 5 in Shields
  2926 | D:4      | Reached XP level 7. HP: 33/44 MP: 4/7
  3130 | D:4      | Reached skill level 6 in Armour
  3477 | D:5      | Entered Level 5 of the Dungeon
  3564 | D:5      | Identified the +0 trident of Turmoil {heavy, *Corrode rC+
                  | Int+3 Dex+2}
  3759 | D:5      | Reached skill level 7 in Armour
  3873 | D:5      | Reached XP level 8. HP: 23/51 MP: 3/8
  4010 | D:5      | Found an ornate altar of the Wu Jian Council.
  4125 | D:5      | Reached skill level 5 in Maces & Flails
  4224 | D:5      | Noticed Duvessa
  4224 | D:5      | Noticed Dowan
  4232 | D:5      | Killed Duvessa
  4237 | D:5      | Killed Dowan
  4238 | D:5      | Reached skill level 8 in Armour
  4371 | D:5      | Found a runed translucent gate.
  4371 | D:5      | Found a runed translucent gate.
  4371 | D:5      | Found a runed translucent gate.
  4371 | D:5      | Noticed croobank's ghost (novice CoFi)
  4373 | D:5      | Found a basalt altar of Yredelemnul.
  4881 | D:6      | Found a staircase to the Ecumenical Temple.
  4892 | Temple   | Entered the Ecumenical Temple
  5006 | D:6      | Reached skill level 9 in Armour
  5006 | D:6      | Reached XP level 9. HP: 56/56 MP: 9/9
  5432 | D:6      | Found a stormy altar of Qazlal.
  5726 | D:7      | Noticed Menkaure
  5743 | D:7      | Slain by Menkaure

Illustrated notes

Levels and vault maps discovered:
D:1:      wander_arrival_peaceful_grave, layout_loops_corners,
          chequers_ecumenical_altar_lobes, minmay_pentomino_r4
D:2:      layout_rooms, basic_altar
D:3:      minmay_recursive_quarters, layout_rooms, mainiacjoe_overflow_24_doors,
          gup_sewer_entry_bowl, minmay_fractal_squares_5
D:4:      layout_basic, minmay_misc_feat_encased, minmay_bent
D:5:      dreamdust_elfheim, layout_cave_pods, mainiacjoe_overflow_boulevard,
          nicolae_yredelemnul_ghost_church, minmay_lizard_king
D:6:      layout_loops_ring, grunt_qazlal_sundering,
          minmay_temple_entry_butterflies, st_stairs_5
D:7:      layout_basic, mainiacjoe_overflow_alcove_4,
          nicolae_sif_muna_condensation, grunt_gozag_breadcrumbs,
          nicolae_overflow_hidden_temple, enter_bailey_2, serial_shops, shop,
          uniq_menkaure
Temple:   nicolae_temple_ecumenical_triangle

Skill      XL: |  1  2  3  4  5  6  7  8  9 |
---------------+----------------------------+-----
Fighting       | 4 5 6 7 |  7.5
Shields        | 4 5 7 |  7.5
Armour         | 4 5 7 9 |  9.9
Maces & Flails | 3 4 5 6 |  6.5

Action                     |  1- 3 |  4- 6 |  7- 9 || total
---------------------------+-------+-------+-------++-------
  Melee: Flail             |   147 |   177 |   229 ||   553
         Unarmed           |       |       |     2 ||     2
  Evoke: Wand              |       |       |     6 ||     6
    Use: Scroll            |    12 |     6 |     5 ||    23
   Stab: Petrified         |       |       |     5 ||     5
         Confused          |       |       |     2 ||     2
 Armour: Scale mail        |     9 |       |       ||     9
         Chain mail        |   117 |   166 |   220 ||   503
         Skin              |       |       |     1 ||     1
  Dodge: Dodged            |    57 |   101 |    88 ||   246
  Block: Buckler           |    39 |    38 |    54 ||   131

Table legend: (Time is in decaauts)
 A = Elapsed time spent in this place.
 B = Non-inter-level travel time spent in this place.
 C = Inter-level travel time spent in this place.
 D = Time resting spent in this place.
 E = Time spent auto-exploring this place.
 F = Levels seen in this place.
 G = Mean time per level.
                   A        B        C        D        E       F      G
               +--------+--------+--------+--------+--------+-----+--------+
         Total |   5879 |   5706 |    173 |    643 |   3316 |   8 |  734.9 |
       Dungeon |   5846 |   5673 |    173 |    643 |   3316 |   7 |  835.1 |
        Temple |     32 |     32 |      0 |      0 |      0 |   1 |   32.0 |
               +--------+--------+--------+--------+--------+-----+--------+

Top non-repeatable levels by time:
     D:5: 1378 daAuts
     D:1: 1126 daAuts
     D:3: 981 daAuts
     D:4: 971 daAuts
     D:6: 865 daAuts
     D:2: 500 daAuts
  Temple: 32 daAuts
     D:7: 21 daAuts
